 Dungeon Crawl Stone Soup version 0.14-a0-663-gfc8c466 (webtiles) character file.

3913 PolkaDot the Cloud Mage (level 9, -6/53 (55) HPs)
             Began as a Vampire Wizard on Nov 6, 2013.
             Was a Priest of Sif Muna.
             Hit by a tomahawk thrown by a draconian (10 damage)
             ... on Level 8 of the Dungeon.
             The game lasted 00:52:38 (7189 turns).

PolkaDot the Cloud Mage (Vampire Wizard)            Turns: 7189, Time: 00:52:39

HP  -6/53 (55)   AC  4     Str  6      XL: 9   Next: 82%
MP  19/19        EV 12     Int 23      God: Sif Muna [***...]
Gold 375         SH  0     Dex 12      Spells:  5 memorised,  3 levels left

Res.Fire  : . . .   See Invis. : +   B - +4,+5 orc trident
Res.Cold  : . . .   Warding    : .   a - +0 robe
Life Prot.: . . .   Conserve   : .   (no shield)
Res.Poison: .       Res.Corr.  : .   b - +0 wizard hat
Res.Elec. : .       Clarity    : .   t - +0 cloak
Sust.Abil.: . .     Spirit.Shd : .   (no gloves)
Res.Mut.  : .       Stasis     : .   s - +0 pair of boots
Res.Rott. : .       Flight     : .   z - amulet of rage
Saprovore : . . .                    e - ring of regeneration
                                     h - +4,+5 ring of slaying

@: regenerating quickly, somewhat resistant to hostile enchantments, stealthy
A: bottle blood, claws 1, fangs 3, see invisible, unbreathing
a: Bottle Blood, Channel Energy, Forget Spell, Renounce Religion, Evoke Berserk
Rage


You were on level 8 of the Dungeon.
You worshipped Sif Muna.
Sif Muna was most pleased with you.
You were full.

You visited 2 branches of the dungeon, and saw 9 of its levels.

You collected 375 gold pieces.

Inventory:

Hand weapons
 q - a +2,+2 dagger of venom
 B - a +4,+5 orcish trident (weapon)
Armour
 a - a +0 robe (worn)
 b - a +0 wizard hat (worn)
 i - a +0 buckler
 s - a +0 pair of boots (worn)
 t - a +0 cloak (worn)
 u - a +1 cloak
Magical devices
 d - a wand of cold (8)
 g - a wand of polymorph (8)
Scrolls
 j - 5 scrolls of remove curse
 l - 2 scrolls of teleportation
 m - a scroll of fear {unknown}
 o - 5 scrolls of fog
 p - a scroll of amnesia
 v - a scroll of enchant weapon I
 x - 2 scrolls of identify
 A - a scroll of enchant armour {unknown}
 D - a scroll of random uselessness {unknown}
Jewellery
 e - a ring of regeneration (right claw)
 h - a +4,+5 ring of slaying (left claw)
 y - an uncursed ring of ice
 z - an amulet of rage (around neck)
Potions
 k - a potion of magic
 n - 2 potions of curing
 r - a potion of restore abilities
 w - a potion of agility {unknown}
 C - a potion of might
Books
 c - a book of Minor Magic

   Spells                             Type                      Level
   *Magic Dart                        Conjuration                  1
   *Blink                             Translocation                2
   Call Imp                           Summoning                    2
   *Repel Missiles                    Charms/Air                   2
   Slow                               Hexes                        2
   *Conjure Flame                     Conjuration/Fire             3
   *Mephitic Cloud                    Conjuration/Poison/Air       3


   Skills:
 - Level 2.1 Dodging
 - Level 3.0 Stealth
 - Level 3.0 Spellcasting
 - Level 5.6 Conjurations
 + Level 7.4 Charms
   Level 1.0 Summonings
 - Level 0.7 Translocations
 * Level 9.7 Air Magic


You had 3 spell levels left.
You knew the following spells:

 Your Spells              Type           Power        Failure   Level  Hunger
a - Magic Dart            Conj           ####         1%          1    None
d - Mephitic Cloud        Conj/Pois/Air  ####....     6%          3    ###....
q - Blink                 Tloc           N/A          17%         2    ##.....
s - Conjure Flame         Conj/Fire      ###.....     12%         3    ###....
w - Repel Missiles        Chrm/Air       #####.....   1%          2    ##.....


Dungeon Overview and Level Annotations

Branches:
Dungeon (8/27)             Temple (1/1) D:7
    Orc: D:6-11        Lair: D:8-13

Altars:
Ashenzari
Cheibriados
Elyvilon
Fedhas
Kikubaaqudgha
Makhleb
Nemelex Xobeh
Okawaru
Sif Muna
Trog
Vehumet
Xom
Yredelemnul
Zin
the Shining One

Shops:
D:4 }(   D:7 [


Innate Abilities, Weirdness & Mutations

Your natural rate of healing is unusually fast.
You can bottle blood from corpses.
You have razor-sharp teeth.*
You have supernaturally acute eyesight.
You can survive without breathing.*
You have sharp fingernails.*


Message History

Yummy - fresh blood!
Drink which item? (? for menu, Esc to quit)
Yummy - fresh blood!
Drink which item? (? for menu, Esc to quit)
Yummy - fresh blood!
Drink which item? (? for menu, Esc to quit)
Yummy - fresh blood!
The draconian seems less confused.
The draconian throws a tomahawk.
The tomahawk hits you!
Drink which item? (? for menu, Esc to quit)
Yummy - fresh blood!
The draconian throws a tomahawk.
The tomahawk hits you!
Drink which item? (? for menu, Esc to quit)
Yummy - fresh blood!
The draconian throws a tomahawk.
The tomahawk hits you!
* * * LOW HITPOINT WARNING * * *
Drink which item? (? for menu, Esc to quit)
Okay, then.
The draconian throws a tomahawk.
The tomahawk hits you!
* * * LOW HITPOINT WARNING * * *
You see here a tomahawk.
The draconian throws a tomahawk.
The tomahawk hits you!
You die...

###############################
...............................
..............##@####.......##
..............##(# #.......#
..............##(# #.......#
..............##.# #.......#
..............##)# #.......#
..............##.# #.......#
..............##)# #.......#
..............##.# #.......#
..............##d# #.......###


You could see a draconian.

Vanquished Creatures
  A human (D:8)
  A hog (D:7)
  A manticore (D:8)
  A necrophage (D:8)
  2 phantoms (D:8)
  An orc warrior (D:8)
  3 ice beasts
  4 sky beasts
  2 black bears (D:8)
  2 centaurs (D:7)
  An ogre (D:6)
  3 giant frogs
  A jelly (D:7)
  10 killer bees (D:8)
  A crimson imp (D:6)
  2 giant frog zombies (D:7)
  2 hounds
  5 orc wizards
  Crazy Yiuf (D:2)
  4 iguanas
  4 orc priests
  2 scorpions
  8 worker ants
  2 ogre zombies
  Ijyb (D:5)
  A hound zombie (D:7)
  4 gnolls (D:4)
  5 adders
  2 giant mites
  An inept feature mimic (D:6)
  An iguana skeleton (D:6)
  A giant eyeball (D:5)
  5 giant geckos
  2 oozes
  17 orcs
  7 bats
  5 giant cockroaches
  9 hobgoblins
  12 jackals
  13 kobolds
  A quokka (D:7)
  3 ball pythons
  5 giant newts
  A gnoll zombie (D:7)
  10 goblins
  A hobgoblin zombie (D:5)
  A kobold skeleton (D:3)
  An orc zombie (D:5)
  20 rats
  A rat skeleton (D:6)
  A fungus (D:2)
195 creatures vanquished.

Vanquished Creatures (others)
  A manticore skeleton (D:8)
  An ogre skeleton (D:8)
  A kobold (D:8)
3 creatures vanquished.

Grand Total: 198 creatures vanquished

Notes
Turn   | Place    | Note
--------------------------------------------------------------
     0 | D:1      | PolkaDot, the Vampire Wizard, began the quest for the Orb.
     0 | D:1      | Reached XP level 1. HP: 11/11 MP: 6/6
   145 | D:1      | Reached skill level 1 in Conjurations
   481 | D:1      | Reached XP level 2. HP: 7/17 MP: 0/8
   922 | D:1      | Reached XP level 3. HP: 22/22 MP: 10/10
  1322 | D:2      | Found a shattered altar of Ashenzari.
  1705 | D:2      | Learned a level 3 spell: Conjure Flame
  1709 | D:2      | Learned a level 3 spell: Mephitic Cloud
  1714 | D:2      | Noticed Crazy Yiuf
  1723 | D:2      | Killed Crazy Yiuf
  1723 | D:2      | Reached XP level 4. HP: 28/28 MP: 8/12
  2242 | D:3      | Reached XP level 5. HP: 27/33 MP: 13/13
  2271 | D:3      | Learned a level 2 spell: Repel Missiles
  2676 | D:4      | Reached skill level 4 in Conjurations
  2681 | D:4      | Found Shryaxto's Gadget Emporium.
  2777 | D:4      | Found Hayruxyd's Antique Weapon Boutique.
  2997 | D:4      | Paralysed by a potion of paralysis for 5 turns
  3125 | D:4      | Reached XP level 6. HP: 37/39 MP: 5/15
  3500 | D:4      | Gained mutation: You have sharp fingernails. [potion of beneficial mutation]
  3532 | D:5      | Entered Level 5 of the Dungeon
  3564 | D:5      | Reached skill level 5 in Conjurations
  3789 | D:5      | Paralysed by a giant eyeball for 4 turns
  3859 | D:5      | Noticed Ijyb
  3860 | D:5      | Reached XP level 7. HP: 30/44 MP: 12/17
  3868 | D:5      | Killed Ijyb
  4089 | D:6      | Reached skill level 1 in Air Magic
  4152 | D:6      | Reached skill level 1 in Charms
  4835 | D:7      | Found a shimmering altar of Xom.
  4838 | D:7      | Found a staircase to the Ecumenical Temple.
  4859 | Temple   | Entered the Ecumenical Temple
  4932 | Temple   | Became a worshipper of Sif Muna the Loreminder
  4948 | Temple   | Learned a level 2 spell: Blink
  4970 | D:7      | Reached XP level 8. HP: 32/50 MP: 9/18
  5110 | D:7      | Reached skill level 5 in Air Magic
  5193 | D:7      | Acquired Sif Muna's first power
  5484 | D:7      | Reached skill level 6 in Air Magic
  5647 | D:7      | Reached skill level 5 in Charms
  5826 | D:7      | Found Klatuk's Antique Armour Shoppe.
  5860 | D:7      | Noticed a moth of wrath
  5863 | D:7      | Found a bloodstained altar of Trog.
  6168 | D:8      | Acquired Sif Muna's second power
  6168 | D:8      | Reached skill level 7 in Air Magic
  6226 | D:8      | Reached XP level 9. HP: 28/55 MP: 7/19
  6414 | D:8      | Reached skill level 8 in Air Magic
  6950 | D:8      | Reached skill level 9 in Air Magic
  7189 | D:8      | Hit by a tomahawk thrown by a draconian

Action                   |  1- 3 |  4- 6 |  7- 9 || total
-------------------------+-------+-------+-------++-------
Melee: Short sword       |    14 |       |       ||    14
       Whip              |    10 |       |       ||    10
       Dagger            |    24 |    45 |       ||    69
       Trident           |       |    61 |   239 ||   300
 Cast: Magic Dart        |    68 |    10 |   100 ||   178
       Mephitic Cloud    |     1 |    12 |    34 ||    47
       Conjure Flame     |       |     6 |    41 ||    47
       Blink             |       |       |     7 ||     7
Invok: Channel Energy    |       |       |    63 ||    63
 Abil: Bottle Blood      |       |     2 |    24 ||    26
Evoke: Wand              |       |       |     2 ||     2
  Use: Potion            |       |     8 |    30 ||    38
       Scroll            |       |    13 |     6 ||    19
 Stab: Sleeping          |     5 |     8 |     5 ||    18
       Confused          |       |     2 |     7 ||     9
